 Dungeon Crawl Stone Soup version 0.22.1-1-ga44c0e56f4 (webtiles) character file.

126 Gunterle the Charmwright (level 4, -4/37 HPs)
             Began as a Demigod Skald on Oct 5, 2018.
             Slain by an orc priest
             ... wielding a +0 hand axe
              (8 damage)
             ... on level 3 of the Dungeon.
             The game lasted 00:09:16 (2592 turns).

Gunterle the Charmwright (Demigod Skald)            Turns: 2592, Time: 00:09:16

Health: -4/37      AC:  3    Str: 16    XL:     4   Next: 54%
Magic:  4/10       EV: 12    Int: 17    God:
Gold:   126        SH:  0    Dex: 15    Spells: 4/7 levels left

rFire    . . .     SeeInvis .   a - +0 spear
rCold    . . .     Gourm    .   (no shield)
rNeg     . . .     Faith    .   b - +0 leather armour
rPois    +         Spirit   .   (no helmet)
rElec    .         Reflect  .   (no cloak)
rCorr    .         Harm     .   (no gloves)
MR       .....                  (no boots)
Stlth    +.........             (no amulet)
HPRegen  0.12/turn              j - ring of poison resistance
MPRegen  0.12/turn              (no ring)

@: no status effects
A: high mp 1
a: no special abilities


You were on level 3 of the Dungeon.
You were not hungry.

You visited 1 branch of the dungeon, and saw 3 of its levels.

You collected 126 gold pieces.

Inventory:

Hand Weapons
 a - a +0 spear (weapon)
 e - a +0 hunting sling of freezing
 t - a +0 trident
Missiles
 f - 34 stones (quivered)
 g - 30 sling bullets
 h - 5 tomahawks
 l - 47 arrows
 u - a throwing net
Armour
 b - a +0 leather armour (worn)
 m - a +0 shield
Magical Staves
 v - an uncursed staff of fire
Jewellery
 j - a ring of poison resistance (left hand)
 o - an uncursed ring of flight {unknown}
Scrolls
 c - a scroll of noise {unknown}
 k - a scroll of magic mapping
 n - a scroll of enchant armour {unknown}
 p - a scroll of fear {unknown}
 q - a scroll of immolation {unknown}
 s - a scroll of identify {unknown}
Potions
 i - a potion of lignification {unknown}
Comestibles
 d - 4 rations
 r - 2 chunks of flesh


   Skills:
 + Level 2.5 Fighting
 + Level 2.3 Polearms
 + Level 1.7 Armour
 + Level 2.5 Dodging
 + Level 2.3 Spellcasting
 + Level 3.2 Charms


You had 4 spell levels left.
You knew the following spells:

 Your Spells              Type           Power        Failure   Level  Hunger
a - Infusion              Chrm           ##..         6%          1    #......
b - Shroud of Golubria    Chrm/Tloc      #.........   19%         2    ##.....

Your spell library contained the following spells:

 Spells                   Type           Power        Failure   Level  Hunger
 Song of Slaying          Chrm           ##......     10%         2    ##.....
 Regeneration             Chrm/Necr      #.........   34%         3    ###....
 Spectral Weapon          Hex/Chrm       #.......     34%         3    ###....


Dungeon Overview and Level Annotations

Branches:
Dungeon (3/15)


Innate Abilities, Weirdness & Mutations

You have an increased reservoir of magic. (+10% MP)


Message History

The orc priest is moderately wounded.
The orc priest mumbles some strange prayers to Beogh against you.
Beogh smites you!
You are too injured to fight recklessly!
You are too injured to fight recklessly!
You hit the orc priest but do no damage.
The orc priest is moderately wounded.
The orc priest begins to cast a cantrip, but forgets the words!
You hit the orc priest.
The orc priest is heavily wounded.
The orc priest calls down the wrath of Beogh upon you.
Pain shoots through your body!
* * * LOW HITPOINT WARNING * * *
You hit the orc priest.
The orc priest is almost dead.
The orc priest completely misses you.
You barely miss the orc priest.
The orc priest is almost dead.
The orc priest hits you with a hand axe!
You die...

♣.. ..≈ #
.. #. #.#
#. .. #. .#
##.######.#
#..o@)....#
#..####.###
.... #.#
#### #.#
#.# #.# #.#
#.# #.# #.#
#.# #.# #.#


You could see an orc priest.

Vanquished Creatures
  Ijyb (D:3)
  2 adders (D:2)
  An ooze (D:2)
  3 worms
  3 dart slugs
  4 orcs (D:3)
  12 bats
  2 giant cockroaches
  A hobgoblin (D:1)
  8 jackals
  6 kobolds
  2 ball pythons
  3 frilled lizards
  8 goblins
  6 rats
62 creatures vanquished.

Notes
Turn   | Place    | Note
-------+----------+-------------------------------------------
     0 | D:1      | Gunterle the Demigod Skald began the quest for the Orb.
     0 | D:1      | Reached XP level 1. HP: 17/17 MP: 5/5
   229 | D:1      | Reached skill level 1 in Armour
   425 | D:1      | Reached XP level 2. HP: 24/24 MP: 5/7
  1349 | D:2      | Learned a level 2 spell: Shroud of Golubria
  1359 | D:2      | Reached XP level 3. HP: 29/29 MP: 2/8
  1448 | D:2      | Reached skill level 3 in Charms
  1690 | D:2      | Noticed an angel
  1691 | D:2      | Found a glowing silver altar of Zin.
  1691 | D:2      | Found a shimmering altar of Xom.
  1759 | D:2      | Found a burning altar of Makhleb.
  2170 | D:3      | Reached XP level 4. HP: 28/36 MP: 2/10
  2320 | D:3      | Noticed Ijyb
  2395 | D:3      | Killed Ijyb
  2592 | D:3      | Slain by an orc priest

Skill      XL: |  1  2  3 |
---------------+----------+-----
Armour         | 1 |  1.7
Dodging        | 2 |  2.5
Fighting       | 2 |  2.5
Spellcasting   | 2 |  2.3
Polearms       | 2 |  2.3
Charms         | 3 |  3.2

Action                   |  1- 3 |  4- 6 || total
-------------------------+-------+-------++-------
Melee: Spear             |   121 |    86 ||   207
 Fire: Hunting sling     |    35 |       ||    35
 Cast: Infusion          |    18 |     4 ||    22
       Shroud of Golubri |     3 |     1 ||     4
  Use: Scroll            |     1 |       ||     1
 Stab: Sleeping          |     2 |       ||     2
  Eat: Chunk             |     4 |     2 ||     6
Armor: Leather armour    |    26 |    13 ||    39
Dodge: Dodged            |    80 |    31 ||   111
